 Dungeon Crawl Stone Soup version 0.29-a0-330-g52719c12eb (webtiles) character file.

Game seed: 1269631164981775996

303 Gwenloh the Sneak (level 6, -20/49 HPs)
             Began as a Naga Enchanter on Apr 22, 2022.
             Killed from afar by Ijyb (33 damage)
             ... with a bolt of acid
             ... on level 4 of the Dungeon.
             The game lasted 00:11:37 (4216 turns).

Gwenloh the Sneak (Naga Enchanter)                  Turns: 4216, Time: 00:11:38

Health: -20/49     AC: -1    Str: 13    XL:     6   Next: 38%
Magic:  2/10       EV: 10    Int: 15    God:
Gold:   79         SH:  0    Dex: 13    Spells: 3/11 levels left

rFire   + . .      SeeInvis +   g - +4 short sword
rCold   . . .      Faith    .   (no shield)
rNeg    . . .      Spirit   .   b - +0 robe
rPois   +          Reflect  .   (no helmet)
rElec   .          Harm     .   (no cloak)
rCorr   .          Rampage  .   (no gloves)
Will    +....                   (no barding)
Stlth   +++.......              (no amulet)
HPRegen 0.16/turn               a - ring of Qeil {rF+ Will+ Str+2}
MPRegen 0.12/turn               (no ring)

@: corroded, very slightly contaminated, very slow
A: AC +2, large, see invisible, deformed body, poison resistance, slowness 2,
spit poison 1, naga tail 1
a: Spit Poison


You were on level 4 of the Dungeon.
You visited 1 branch of the dungeon, and saw 4 of its levels.

You collected 139 gold pieces.
You spent 60 gold pieces at shops.

Inventory:

Hand Weapons
 g - a +4 short sword (weapon)
 m - a +1 dagger of venom
Missiles
 f - 2 boomerangs
 p - a throwing net
Armour
 b - a +0 robe (worn)
Jewellery
 a - the ring of Qeil (left hand) {rF+ Will+ Str+2}
   (You acquired it on level 2 of the Dungeon)

   [ring of protection from fire]

   Str:       It affects your strength (+2).
   rF:        It protects you from fire.
   Will:      It increases your willpower.
Scrolls
 k - 2 scrolls of amnesia
 l - 2 scrolls of teleportation
 n - 3 scrolls of identify
 o - a scroll of immolation {unknown}
Potions
 c - 5 potions of invisibility
 d - 2 potions of brilliance
 e - 2 potions of flight
 h - a potion of lignification
 i - 2 potions of curing
 j - a potion of cancellation


   Skills:
 + Level 2.8 Short Blades
 + Level 2.7 Dodging
 + Level 6.2 Stealth
 + Level 3.1 Spellcasting
 + Level 4.0 Hexes


You had 3 spell levels left.
You knew the following spells:

 Your Spells              Type           Power      Damage    Failure   Level
a - Ensorcelled Hibernat  Hex/Ice        16%        N/A       13%         2
b - Confusing Touch       Hex            14%        N/A       11%         3
c - Tukima's Dance        Hex            14%        N/A       11%         3

Your spell library contained the following spells:

 Spells                   Type           Power      Damage    Failure   Level
 Magic Dart               Conj           8%         1d3       21%         1
 Dazzling Flash           Conj/Hex       16%        N/A       26%         3
 Portal Projectile        Hex/Tloc       16%        N/A       26%         3
 Call Imp                 Summ           2%         N/A       30%         2
 Call Canine Familiar     Summ           2%         N/A       52%         3
 Mephitic Cloud           Conj/Pois/Air  2%         N/A       52%         3
 Leda's Liquefaction      Hex/Erth       4%         N/A       65%         4


Dungeon Overview and Level Annotations

Branches:
Dungeon (4/15)
 Temple: D:4-7

Altars:

Shops:
D:2 [   D:3 ?

Annotations:
D:4 Ijyb


Innate Abilities, Weirdness & Mutations

Your serpentine skin is tough. (AC +2)
You have supernaturally acute eyesight. (SInv)
Armour fits poorly on your strangely shaped body.
Your system is resistant to poisons. (rPois)
You cover ground very slowly.
You can spit poison.
You have a snake-like lower body.


Message History

Aiming: Ensorcelled Hibernation (safe; 13% risk of failure)
Press: ? - help, Shift-Dir - straight line, f - Ijyb
Aim: Ijyb, wielding a +0 dagger, wearing a +0 ring mail and carrying a wand of acid (11) (heavily wounded, chance to affect: 50%)
You miscast Ensorcelled Hibernation.
You are very lightly contaminated with residual magic.
Nothing appears to happen.
Ijyb closely misses you.
Casting: Ensorcelled Hibernation (safe; 13% risk of failure)
Confirm with . or Enter, or press ? or * to list all spells.
Aiming: Ensorcelled Hibernation (safe; 13% risk of failure)
Press: ? - help, Shift-Dir - straight line, f/p - Ijyb
Aim: Ijyb, wielding a +0 dagger, wearing a +0 ring mail and carrying a wand of acid (11) (heavily wounded, chance to affect: 50%) Ijyb resists with some effort.
Ijyb zaps a wand.
The bolt of acid hits you!!
Ouch! That really hurt!
The acid corrodes you!
Casting: Ensorcelled Hibernation (safe; 13% risk of failure)
Confirm with . or Enter, or press ? or * to list all spells.
Aiming: Ensorcelled Hibernation (safe; 13% risk of failure)
Press: ? - help, Shift-Dir - straight line, f/p - Ijyb
Aim: Ijyb, wielding a +0 dagger, wearing a +0 ring mail and carrying a wand of acid (10) (heavily wounded, chance to affect: 50%)
You miscast Ensorcelled Hibernation.
Nothing appears to happen.
Ijyb hits you with a +0 dagger.
* * * LOW HITPOINT WARNING * * *
Casting: Ensorcelled Hibernation (safe; 13% risk of failure)
Confirm with . or Enter, or press ? or * to list all spells.
Aiming: Ensorcelled Hibernation (safe; 13% risk of failure)
Press: ? - help, Shift-Dir - straight line, f/p - Ijyb
Aim: Ijyb, wielding a +0 dagger, wearing a +0 ring mail and carrying a wand of acid (10) (heavily wounded, chance to affect: 50%)
You miscast Ensorcelled Hibernation.
Nothing appears to happen.
Ijyb closely misses you.
Casting: Ensorcelled Hibernation (safe; 13% risk of failure)
Confirm with . or Enter, or press ? or * to list all spells.
You don't have enough magic to cast this spell.
You barely miss Ijyb.
Ijyb is heavily wounded.
Ijyb zaps a wand.
The bolt of acid misses you.
You hit Ijyb but do no damage.
Ijyb is heavily wounded.
Ijyb zaps a wand.
The bolt of acid hits you!!
Ouch! That really hurt!
You die...

.......#....## #
............l# #..
......)....... #.# ##
........... ..##.##.##
.......... .......$# ........
....... ###.......# ........
#...# ##.........# .........
#.g###.......## .......<#
###..@.>........# ........##
#...#.####....###
....##...####.#### ####..# #
...####....##..#####.##.##....
.....##.........##.........#
.#......##..........#.....##
.##....###........###.#...#
..#.....#...........###....#
)###.................##....#


You could see Ijyb.

Vanquished Creatures
  Sigmund (D:3)
  A jelly (D:4)
  4 gnolls (D:2)
  2 adders (D:2)
  A dart slug (D:3)
  An orc (D:4)
  5 ball pythons
  5 bats
  5 endoplasms
  3 giant cockroaches
  10 hobgoblins
  A jackal (D:1)
  7 kobolds
  2 quokkas
  3 frilled lizards
  4 goblins
  3 rats
58 creatures vanquished.

Notes
Turn   | Place    | Note
-------+----------+-------------------------------------------
     0 | D:1      | Gwenloh the Naga Enchanter began the quest for the Orb.
     0 | D:1      | Reached XP level 1. HP: 15/15 MP: 3/3
    53 | D:1      | Reached XP level 2. HP: 10/22 MP: 5/5
    56 | D:1      | Learned a level 2 spell: Ensorcelled Hibernation
  1488 | D:1      | Reached XP level 3. HP: 28/28 MP: 3/6
  1492 | D:1      | Learned a level 3 spell: Confusing Touch
  1750 | D:2      | Reached skill level 5 in Stealth
  2050 | D:2      | Reached XP level 4. HP: 11/36 MP: 1/7
  2586 | D:2      | Found Podikloc's Armour Shoppe.
  2729 | D:2      | Learned a level 3 spell: Tukima's Dance
  3228 | D:2      | Identified a scroll of acquirement
  3233 | D:2      | Acquired the ring of Qeil {rF+ Will+ Str+2}
  3524 | D:3      | Found Apsoggey's Magic Scroll Emporium.
  3526 | D:3      | Bought a scroll of identify for 20 gold pieces
  3526 | D:3      | Bought a scroll of identify for 20 gold pieces
  3526 | D:3      | Bought a scroll of identify for 20 gold pieces
  3835 | D:3      | Noticed Sigmund
  3887 | D:3      | Killed Sigmund
  3888 | D:3      | Reached skill level 6 in Stealth
  3888 | D:3      | Reached XP level 5. HP: 27/42 MP: 4/9
  3888 | D:3      | Reached XP level 6. HP: 32/49 MP: 4/10
  4160 | D:4      | Noticed Ijyb
  4216 | D:4      | Killed from afar by Ijyb

Illustrated notes

Levels and vault maps discovered:
D:1:      dpeg_arrival_court, layout_basic, minmay_tiny_reverse_x
D:2:      layout_basic, serial_shops, nicolae_shop_crystal,
          minmay_tree_intersection, minmay_surrounded
D:3:      layout_rooms, serial_shops, nicolae_shop_trees, uniq_sigmund
D:4:      layout_cave_pools, kennysheep_little_box, uniq_edmund, uniq_ijyb,
          uniq_duvessa, uniq_pikel

Skill      XL: |  1  2  3  4 |
---------------+-------------+-----
Dodging        | 2 |  2.7
Stealth        | 5 6 |  6.2
Short Blades   | 2 |  2.8
Spellcasting   | 3 |  3.1
Hexes          | 4 |  4.0

Action                   |  1- 3 |  4- 6 || total
-------------------------+-------+-------++-------
Melee: Dagger            |    49 |     1 ||    50
       Short sword       |       |    46 ||    46
 Cast: Ensorcelled Hiber |    12 |    26 ||    38
       Confusing Touch   |     1 |     2 ||     3
       Tukima's Dance    |       |     2 ||     2
 Abil: Spit Poison       |     7 |     4 ||    11
  Use: Scroll            |       |     9 ||     9
 Stab: Sleeping          |    19 |    26 ||    45
Armor: Robe              |     9 |     8 ||    17
Dodge: Dodged            |    18 |    24 ||    42

Table legend: (Time is in decaauts)
 A = Elapsed time spent in this place.
 B = Non-inter-level travel time spent in this place.
 C = Inter-level travel time spent in this place.
 D = Time resting spent in this place.
 E = Time spent auto-exploring this place.
 F = Levels seen in this place.
 G = Mean time per level.
                   A        B        C        D        E       F      G
               +--------+--------+--------+--------+--------+-----+--------+
         Total |   4978 |   4824 |    154 |   1180 |   2941 |   4 | 1244.5 |
       Dungeon |   4978 |   4824 |    154 |   1180 |   2941 |   4 | 1244.5 |
               +--------+--------+--------+--------+--------+-----+--------+

Top non-repeatable levels by time:
     D:1: 2548 daAuts
     D:2: 1337 daAuts
     D:3: 913 daAuts
     D:4: 180 daAuts
